Login

Calgary Flames vs San Jose Sharks

Created - 21 April 2024 at 23:10

Goals
1 2 3 T
Calgary Flames 2 1 2 5
San Jose Sharks 1 2 3 6
Shots
1 2 3 T
Calgary Flames 9 8 16 33
San Jose Sharks 9 8 16 33

GoalsPenalties
1st period
1. San Jose Sharks , Rasmus Dahlin 8 (Logan Couture 17, Kevin Labanc 4) at 14:55 (PP)
2. Calgary Flames , Kirill Marchenko 5 (Jonathan Huberdeau 22, Elias Lindholm 16) at 17:38
3. Calgary Flames , Andrew Mangiapane 7 (Pierre-Luc Dubois 11, Chris Tanev 3) at 19:21
Walker Duehr (CGY) for Interference (Minor) at 2:37
Dillon Dube (CGY) for Roughing (Minor) at 6:40
Pierre-Luc Dubois (CGY) for Roughing (Double Minor) at 14:37
2nd period
4. Calgary Flames , Elias Lindholm 15 (Jonathan Huberdeau 23) at 0:59 (PP)
5. San Jose Sharks , Danil Gushchin 9 (Jesse Ylonen 1, Kaapo Kahkonen) at 8:13 (PP)
6. San Jose Sharks , Marc-Edouard Vlasic 2 (Rasmus Dahlin 10, Logan Couture 18) at 14:30 (PP)
Rasmus Dahlin (SJS) for Interference (Minor) at 0:28
Vladislav Gavrikov (CGY) for Roughing (Minor) at 3:25
Dennis Gilbert (CGY) for Tripping (Minor) at 7:59
Vladislav Gavrikov (CGY) for Delaying the game (Minor) at 9:09
Jonathan Huberdeau (CGY) for Hooking (Minor) at 14:19
3rd period
7. San Jose Sharks , Kevin Labanc 5 (Danil Gushchin 12, Logan Couture 19) at 5:16
8. Calgary Flames , Jonathan Huberdeau 12 (Elias Lindholm 17) at 7:55
9. Calgary Flames , Pierre-Luc Dubois 9 (Walker Duehr 3) at 10:32
10. San Jose Sharks , Mike Hoffman 3 (Luke Kunin 3, Marc-Edouard Vlasic 5) at 11:35
11. San Jose Sharks , Danil Gushchin 10 (Logan Couture 20) at 18:47
Rasmus Dahlin (SJS) for Holding (Minor) at 13:14
Pierre-Luc Dubois (CGY) for Tripping (Minor) at 15:48
Goalie Stats
Jacob Markstrom (CGY), 27 saves from 33 shots - (0.818), L, 5-13-1, 59:30 minutes
Kaapo Kahkonen (SJS), 28 saves from 33 shots - (0.848), W, 6-4-0, 60:00 minutes
3 StarsOfficial
1 - Danil Gushchin (SJS)
2 - Logan Couture (SJS)
3 - Elias Lindholm (CGY)
Referees : Corey Syvret and Dan Kelly
Linesman : Bevan Mills and Jesse Marquis
Game Note
Nikita Okhotiuk is injured at 1:21 of 1st period (Strained Left Elbow)
14:30 of 2nd period - San Jose Sharks goal is going for a video replay. After video review, Goal.
Finance
Level 1 -- Attendance: 5365 (89.42%) -- Ticket Income $536,500
Level 2 -- Attendance: 4758 (95.16%) -- Ticket Income $285,480
Level 3 -- Attendance: 1402 (70.10%) -- Ticket Income $49,070
Level 4 -- Attendance: 2846 (71.15%) -- Ticket Income $71,150
Luxury Box -- Attendance: 920 (92.00%) -- Ticket Income $184,000
Game was played at the SAP Center.
Total Attendance: 15291 (84.95%)
Total Ticket Income: $1,126,200
Other Income: $551,838
Total Income: $1,678,038



Team Name Goals Shots Shots Attemp Shots Blocked PIM HIT PP PK FO%
Calgary Flames 533632018201 / 2 (50%)357%
San Jose Sharks 63378114203 / 9 (33%)143%

Calgary Flames
Player Name POS G A P +/- PIM HIT SHT SB MP PP MP PP SHT PK MP PK SHT FO% FOT GA TA
Adam RuzickaC000000002:530:0002:2600% 000
Andrew MangiapaneLW1010053016:070:5700:0000% 010
Blake ColemanC000000001:230:0000:0000% 000
Chris TanevD011-1001110:070:0000:0000% 000
Cody CeciD0000001119:030:4805:1100% 000
Damon SeversonD0002012430:501:4207:2600% 011
Dennis GilbertD000-1200011:440:0001:3700% 000
Dillon DubeLW0000201112:280:0002:0900% 100
Elias LindholmC12310210127:521:3317:14156% 4110
Jonathan HuberdeauLW1231212023:501:3304:28050% 200
Kirill MarchenkoRW1011013019:331:3300:00033% 300
Mikael BacklundC0000011113:590:0004:06080% 500
Nazem KadriC0000014211:010:0000:00033% 300
Nikita ZadorovD0002020830:501:4207:2600% 002
Pierre-Luc DuboisC1120613122:000:5704:51067% 1203
Vladislav GavrikovD0000410017:250:4803:3400% 000
Walker DuehrRW0110242016:100:5700:0000% 000
Yegor SharangovichC000000000:000:0000:0000% 000
San Jose Sharks
Player Name POS G A P +/- PIM HIT SHT SB MP PP MP PP SHT PK MP PK SHT FO% FOT GA TA
Danil GushchinLW2132016022:506:2211:2300% 100
Ethan BearD0002000122:246:0101:4100% 000
Fabian ZetterlundLW000-2000021:126:0501:0100% 200
Filip ZadinaRW0000001010:340:0000:0000% 100
Givani SmithRW000-100006:580:0000:0000% 000
Jan RuttaD000-2001314:140:0000:4800% 000
Jesse YlonenRW011-2010018:236:3200:0000% 010
Kevin LabancRW1121031123:196:0500:00025% 400
Logan CoutureC0442036022:166:0521:01048% 3300
Luke KuninC0110002010:340:0000:0000% 010
Marc-Edouard VlasicD112-1003224:196:4611:1900% 000
Mario FerraroD0002000122:155:5101:1100% 002
Mikael GranlundC000-2042119:586:2211:23035% 2011
Mike HoffmanC1010036013:240:1000:060100% 210
Nico SturmC000-101107:090:0000:00075% 400
Nikita OkhotiukD000000000:070:0000:0000% 000
Nikolai KnyzhovD000-2010214:080:0000:0700% 000
Rasmus DahlinD112-1434023:246:4630:0000% 020

Calgary Flames

5 vs 5 Forward
Line #Left WingCenterRight WingPHYDFOFWanted %Time %Time Play
1Jonathan HuberdeauElias LindholmKirill Marchenko1224040%17:30
2Andrew MangiapanePierre-Luc DuboisWalker Duehr1223035%15:10
3Dillon DubeMikael BacklundNazem Kadri1222023%9:52
4Elias LindholmNazem KadriPierre-Luc Dubois122103%1:09
5 vs 5 Defense
Line #DefenseDefensePHYDFOFWanted %Time %Time Play
1Nikita ZadorovDamon Severson1224040%17:41
2Cody CeciVladislav Gavrikov1223030%13:04
3Chris TanevDennis Gilbert1222023%10:07
4Nikita ZadorovDamon Severson122106%2:49
Power Play Forward
Line #Left WingCenterRight WingPHYDFOFWanted %Time %Time Play
1Jonathan HuberdeauElias LindholmKirill Marchenko1226062%1:33
2Andrew MangiapanePierre-Luc DuboisWalker Duehr1224038%0:57
Power Play Defense
Line #DefenseDefensePHYDFOFWanted %Time %Time Play
1Nikita ZadorovDamon Severson1226068%1:42
2Cody CeciVladislav Gavrikov1224032%0:48
Penalty Kill 4 Players Forward
Line #CenterWingPHYDFOFWanted %Time %Time Play
1Elias LindholmPierre-Luc Dubois1226071%9:01
2Mikael BacklundJonathan Huberdeau1224029%3:36
Penalty Kill 4 Players Defense
Line #DefenseDefensePHYDFOFWanted %Time %Time Play
1Nikita ZadorovDamon Severson1226059%7:26
2Cody CeciVladislav Gavrikov1224041%5:11
Penalty Kill 3 Players
Line #WingPHYDFOFWanted %Time %Time PlayDefenseDefensePHYDFOFWanted %Time %Time Play
1Elias Lindholm122600%0:00 Nikita ZadorovDamon Severson122600%0:00
2Pierre-Luc Dubois122400%0:00 Cody CeciVladislav Gavrikov122400%0:00
4 vs 4 Forward
Line #CenterWingPHYDFOFWanted %Time %Time Play
1Elias LindholmPierre-Luc Dubois122600%0:00
2Mikael BacklundJonathan Huberdeau122400%0:00
4 vs 4 Defense
Line #DefensePHYDFOFWanted %Time %Time Play
1Nikita ZadorovDamon Severson122600%0:00
2Cody CeciVladislav Gavrikov122400%0:00
Last Minutes Offensive
Left WingCenterRight WingDefenseDefense
Jonathan HuberdeauElias LindholmKirill MarchenkoNikita ZadorovDamon Severson
Last Minutes Defensive
Left WingCenterRight WingDefenseDefense
Jonathan HuberdeauElias LindholmKirill MarchenkoNikita ZadorovDamon Severson
Time
Total ForwardTotal DefenseLast Minutes OffensiveLast Minutes Defensive
60:00 60:00 1:120:00
Extra Forwards
Normal PowerPlayPenalty Kill
Blake Coleman, Yegor Sharangovich, Adam RuzickaBlake Coleman, Yegor SharangovichAdam Ruzicka
Extra Defensemen
Normal PowerPlayPenalty Kill
Chris Tanev, Dennis Gilbert, Cody CeciChris Tanev, Dennis GilbertCody Ceci
Penalty Shots
Elias Lindholm, Pierre-Luc Dubois, Mikael Backlund, Jonathan Huberdeau, Nazem Kadri
Goalie
Jacob Markstrom, Dan Vladar
Custom OT Lines Forwards
Elias Lindholm, Pierre-Luc Dubois, Mikael Backlund, Jonathan Huberdeau, Nazem Kadri, Andrew Mangiapane, Dillon Dube, Blake Coleman, Kirill Marchenko, Yegor Sharangovich
Custom OT Lines Defensemen
Nikita Zadorov, Damon Severson, Cody Ceci, Vladislav Gavrikov, Chris Tanev
Scratches
A.J. Greer (Healthy), Dryden Hunt (Healthy), Jordan Oesterle (Healthy)

San Jose Sharks

5 vs 5 Forward
Line #Left WingCenterRight WingPHYDFOFWanted %Time %Time Play
1Danil GushchinLogan CoutureKevin Labanc1223532%13:52
2Fabian ZetterlundMikael GranlundJesse Ylonen1223028%12:17
3Luke KuninMike HoffmanFilip Zadina1222324%10:34
4Nikita OkhotiukNico SturmGivani Smith1221216%6:58
5 vs 5 Defense
Line #DefenseDefensePHYDFOFWanted %Time %Time Play
1Rasmus DahlinMarc-Edouard Vlasic1223234%14:57
2Mario FerraroEthan Bear1223233%14:38
3Jan RuttaNikolai Knyzhov1222931%13:26
4Rasmus DahlinMarc-Edouard Vlasic12272%0:40
Power Play Forward
Line #Left WingCenterRight WingPHYDFOFWanted %Time %Time Play
1Fabian ZetterlundLogan CoutureKevin Labanc0055048%6:05
2Danil GushchinMikael GranlundJesse Ylonen0055052%6:32
Power Play Defense
Line #DefenseDefensePHYDFOFWanted %Time %Time Play
1Rasmus DahlinMarc-Edouard Vlasic0146054%6:46
2Mario FerraroEthan Bear0144046%5:51
Penalty Kill 4 Players Forward
Line #CenterWingPHYDFOFWanted %Time %Time Play
1Logan CoutureFabian Zetterlund0505041%1:01
2Mikael GranlundDanil Gushchin0505059%1:29
Penalty Kill 4 Players Defense
Line #DefenseDefensePHYDFOFWanted %Time %Time Play
1Rasmus DahlinMarc-Edouard Vlasic0505057%1:26
2Mario FerraroEthan Bear0505043%1:04
Penalty Kill 3 Players
Line #WingPHYDFOFWanted %Time %Time PlayDefenseDefensePHYDFOFWanted %Time %Time Play
1Logan Couture050500%0:00 Rasmus DahlinMarc-Edouard Vlasic050500%0:00
2Mikael Granlund050500%0:00 Mario FerraroEthan Bear050500%0:00
4 vs 4 Forward
Line #CenterWingPHYDFOFWanted %Time %Time Play
1Logan CoutureFabian Zetterlund122600%0:00
2Mikael GranlundDanil Gushchin122400%0:00
4 vs 4 Defense
Line #DefensePHYDFOFWanted %Time %Time Play
1Rasmus DahlinMarc-Edouard Vlasic122600%0:00
2Mario FerraroEthan Bear122400%0:00
Last Minutes Offensive
Left WingCenterRight WingDefenseDefense
Fabian ZetterlundLogan CoutureKevin LabancRasmus DahlinMarc-Edouard Vlasic
Last Minutes Defensive
Left WingCenterRight WingDefenseDefense
Fabian ZetterlundLogan CoutureKevin LabancRasmus DahlinMarc-Edouard Vlasic
Time
Total ForwardTotal DefenseLast Minutes OffensiveLast Minutes Defensive
60:00 60:00 0:001:12
Extra Forwards
Normal PowerPlayPenalty Kill
Mike Hoffman, Kevin Labanc, Nico SturmMike Hoffman, Kevin LabancMike Hoffman
Extra Defensemen
Normal PowerPlayPenalty Kill
Ethan Bear, Jan Rutta, Nikita OkhotiukEthan Bear, Ethan BearJan Rutta
Penalty Shots
Logan Couture, Fabian Zetterlund, Mikael Granlund, Danil Gushchin, Mike Hoffman
Goalie
Kaapo Kahkonen, Martin Jones
Custom OT Lines Forwards
Logan Couture, Fabian Zetterlund, Mikael Granlund, Danil Gushchin, Mike Hoffman, Kevin Labanc, Nico Sturm, Nikita Okhotiuk, Luke Kunin, Jesse Ylonen
Custom OT Lines Defensemen
Rasmus Dahlin, Marc-Edouard Vlasic, Mario Ferraro, Ethan Bear, Jan Rutta
Scratches
Alexander Barabanov (Exhaustion), Ty Emberson (Healthy)


Play-by-Play

1st period


0:01 of 1st period - Logan Couture wins face-off versus Elias Lindholm in neutral zone.
0:26 of 1st period - Wrist shot by Mike Hoffman.
0:26 of 1st period - Shot Misses the Net.
1:20 of 1st period - Nikita Okhotiuk is hit by Mikael Backlund and loses puck.
1:21 of 1st period - Nikita Okhotiuk from San Jose Sharks is injured at 1:21 of 1st period (Strained Left Elbow).
1:22 of 1st period - Mikael Backlund wins face-off versus Kevin Labanc in San Jose Sharks zone.
1:29 of 1st period - Mikael Backlund is hit by Logan Couture and loses puck.
1:58 of 1st period - Icing by Jan Rutta.
1:59 of 1st period - Nico Sturm wins face-off versus Nazem Kadri in San Jose Sharks zone.
1:59 of 1st period - Nico Sturm is hit by Vladislav Gavrikov.
2:13 of 1st period - Snap shot by Pierre-Luc Dubois.
2:13 of 1st period - Stopped by Kaapo Kahkonen without a rebound.
2:14 of 1st period - Pierre-Luc Dubois wins face-off versus Mikael Granlund in San Jose Sharks zone.
2:19 of 1st period - Slapshot by Andrew Mangiapane.
2:19 of 1st period - Stopped by Kaapo Kahkonen with a rebound.
2:31 of 1st period - Wrist shot by Rasmus Dahlin.
2:31 of 1st period - Shot Misses the Net.
2:37 of 1st period - Minor Penalty to Walker Duehr for Interference.
2:38 of 1st period - Elias Lindholm wins face-off versus Logan Couture in Calgary Flames zone.
2:45 of 1st period - Wrist shot by Elias Lindholm.
2:45 of 1st period - Stopped by Kaapo Kahkonen without a rebound.
2:46 of 1st period - Elias Lindholm wins face-off versus Logan Couture in San Jose Sharks zone.
3:11 of 1st period - Wrist shot by Logan Couture.
3:11 of 1st period - Stopped by Jacob Markstrom without a rebound.
3:12 of 1st period - Mikael Granlund wins face-off versus Mikael Backlund in Calgary Flames zone.
3:19 of 1st period - Snap shot by Danil Gushchin.
3:19 of 1st period - Deflect By Jesse Ylonen.
3:19 of 1st period - Shot Misses the Net.
3:19 of 1st period - Puck is out of play.
3:20 of 1st period - Mikael Backlund wins face-off versus Mikael Granlund in Calgary Flames zone.
4:00 of 1st period - Snap shot by Mikael Granlund.
4:00 of 1st period - Stopped by Jacob Markstrom with a rebound.
4:36 of 1st period - Snap shot by Logan Couture.
4:36 of 1st period - Shot Blocked by Pierre-Luc Dubois.
4:37 of 1st period - Penalty to Walker Duehr is over, Walker Duehr is back on ice.
4:38 of 1st period - Snap shot by Logan Couture.
4:38 of 1st period - Stopped by Jacob Markstrom with a rebound.
4:40 of 1st period - Snap shot by Mario Ferraro.
4:40 of 1st period - Shot Misses the Net.
4:58 of 1st period - Snap shot by Dillon Dube.
4:58 of 1st period - Shot Misses the Net.
5:00 of 1st period - Snap shot by Nazem Kadri.
5:00 of 1st period - Stopped by Kaapo Kahkonen with a rebound.
5:02 of 1st period - Slapshot by Damon Severson.
5:02 of 1st period - Stopped by Kaapo Kahkonen with a rebound.
5:30 of 1st period - Luke Kunin is hit by Walker Duehr and loses puck.
6:01 of 1st period - Snap shot by Jonathan Huberdeau.
6:01 of 1st period - Shot Blocked by Jan Rutta.
6:40 of 1st period - Minor Penalty to Dillon Dube for Roughing.
6:41 of 1st period - Elias Lindholm wins face-off versus Logan Couture in Calgary Flames zone.
8:40 of 1st period - Penalty to Dillon Dube is over, Dillon Dube is back on ice.
13:49 of 1st period - Icing by Mikael Backlund.
13:50 of 1st period - Nico Sturm wins face-off versus Elias Lindholm in Calgary Flames zone.
14:07 of 1st period - Wrist shot by Mike Hoffman.
14:07 of 1st period - Deflect By Filip Zadina.
14:07 of 1st period - Stopped by Jacob Markstrom with a rebound.
14:09 of 1st period - Slapshot by Marc-Edouard Vlasic.
14:09 of 1st period - Stopped by Jacob Markstrom with a rebound.
14:11 of 1st period - Snap shot by Mike Hoffman.
14:11 of 1st period - Stopped by Jacob Markstrom with a rebound.
14:31 of 1st period - Wrist shot by Mikael Granlund.
14:31 of 1st period - Shot Misses the Net.
14:37 of 1st period - Double Minor Penalty to Pierre-Luc Dubois for Roughing.
14:38 of 1st period - Elias Lindholm wins face-off versus Fabian Zetterlund in Calgary Flames zone.
14:53 of 1st period - Slapshot by Rasmus Dahlin.
14:53 of 1st period - Shot Misses the Net.
14:55 of 1st period - Snap shot by Rasmus Dahlin.
14:55 of 1st period - Goal by Rasmus Dahlin - Calgary Flames : 0 - San Jose Sharks : 1.
14:56 of 1st period - Elias Lindholm wins face-off versus Mikael Granlund in neutral zone.
15:09 of 1st period - Elias Lindholm is hit by Jesse Ylonen and loses puck.
16:55 of 1st period - Penalty to Pierre-Luc Dubois is over, Pierre-Luc Dubois is back on ice.
17:11 of 1st period - Wrist shot by Andrew Mangiapane.
17:11 of 1st period - Stopped by Kaapo Kahkonen without a rebound.
17:12 of 1st period - Nico Sturm wins face-off versus Pierre-Luc Dubois in San Jose Sharks zone.
17:36 of 1st period - Wrist shot by Jonathan Huberdeau.
17:36 of 1st period - Shot Misses the Net.
17:38 of 1st period - Snap shot by Kirill Marchenko.
17:38 of 1st period - Goal by Kirill Marchenko - Calgary Flames : 1 - San Jose Sharks : 1.
17:39 of 1st period - Elias Lindholm wins face-off versus Logan Couture in neutral zone.
17:47 of 1st period - Icing by Kevin Labanc.
17:48 of 1st period - Logan Couture wins face-off versus Elias Lindholm in San Jose Sharks zone.
18:29 of 1st period - Wrist shot by Logan Couture.
18:29 of 1st period - Stopped by Jacob Markstrom without a rebound.
18:30 of 1st period - Pierre-Luc Dubois wins face-off versus Mikael Granlund in Calgary Flames zone.
18:56 of 1st period - Dillon Dube is hit by Rasmus Dahlin and loses puck.
19:21 of 1st period - Wrist shot by Andrew Mangiapane.
19:21 of 1st period - Goal by Andrew Mangiapane - Calgary Flames : 2 - San Jose Sharks : 1.
19:22 of 1st period - Logan Couture wins face-off versus Elias Lindholm in neutral zone.
19:27 of 1st period - Snap shot by Logan Couture.
19:27 of 1st period - Stopped by Jacob Markstrom with a rebound.
19:50 of 1st period - Wrist shot by Elias Lindholm.
19:50 of 1st period - Stopped by Kaapo Kahkonen with a rebound.
19:52 of 1st period - Slapshot by Damon Severson.
19:52 of 1st period - Shot Blocked by Ethan Bear.
Goals for this period are 2 for Calgary Flames vs 1 for San Jose Sharks.
Shots for this period are 9 for Calgary Flames vs 9 for San Jose Sharks.

2nd period


0:01 of 2nd period - Logan Couture wins face-off versus Elias Lindholm in neutral zone.
0:28 of 2nd period - Minor Penalty to Rasmus Dahlin for Interference.
0:29 of 2nd period - Logan Couture wins face-off versus Elias Lindholm in San Jose Sharks zone.
0:59 of 2nd period - Wrist shot by Elias Lindholm.
0:59 of 2nd period - Goal by Elias Lindholm - Calgary Flames : 3 - San Jose Sharks : 1.
1:00 of 2nd period - Mikael Granlund wins face-off versus Elias Lindholm in neutral zone.
1:05 of 2nd period - Wrist shot by Jesse Ylonen.
1:05 of 2nd period - Shot Misses the Net.
1:13 of 2nd period - Snap shot by Elias Lindholm.
1:13 of 2nd period - Deflect By Jonathan Huberdeau.
1:13 of 2nd period - Deflect By Fabian Zetterlund.
1:13 of 2nd period - Shot Misses the Net.
1:13 of 2nd period - Puck is out of play.
1:14 of 2nd period - Logan Couture wins face-off versus Kirill Marchenko in San Jose Sharks zone.
1:41 of 2nd period - Mikael Granlund is hit by Walker Duehr.
1:45 of 2nd period - Andrew Mangiapane is hit by Rasmus Dahlin and loses puck.
1:49 of 2nd period - Icing by Damon Severson.
1:50 of 2nd period - Pierre-Luc Dubois wins face-off versus Logan Couture in Calgary Flames zone.
1:50 of 2nd period - Pierre-Luc Dubois is hit by Kevin Labanc.
2:27 of 2nd period - Mike Hoffman is hit by Andrew Mangiapane and loses puck.
2:44 of 2nd period - Wrist shot by Andrew Mangiapane.
2:44 of 2nd period - Shot Misses the Net.
2:46 of 2nd period - Wrist shot by Damon Severson.
2:46 of 2nd period - Shot Misses the Net.
2:48 of 2nd period - Slapshot by Andrew Mangiapane.
2:48 of 2nd period - Shot Misses the Net.
2:50 of 2nd period - Slapshot by Walker Duehr.
2:50 of 2nd period - Shot Misses the Net.
2:52 of 2nd period - Wrist shot by Walker Duehr.
2:52 of 2nd period - Stopped by Kaapo Kahkonen without a rebound.
2:53 of 2nd period - Mikael Granlund wins face-off versus Elias Lindholm in San Jose Sharks zone.
3:04 of 2nd period - Snap shot by Mikael Granlund.
3:04 of 2nd period - Stopped by Jacob Markstrom without a rebound.
3:05 of 2nd period - Elias Lindholm wins face-off versus Kevin Labanc in Calgary Flames zone.
3:25 of 2nd period - Minor Penalty to Vladislav Gavrikov for Roughing.
3:26 of 2nd period - Kevin Labanc wins face-off versus Elias Lindholm in Calgary Flames zone.
3:26 of 2nd period - Wrist shot by Logan Couture.
3:26 of 2nd period - Shot Misses the Net.
4:43 of 2nd period - Rasmus Dahlin is hit by Pierre-Luc Dubois and loses puck.
5:16 of 2nd period - Mikael Granlund is hit by Nikita Zadorov and loses puck.
5:25 of 2nd period - Penalty to Vladislav Gavrikov is over, Vladislav Gavrikov is back on ice.
5:29 of 2nd period - Jesse Ylonen is hit by Nazem Kadri and loses puck.
5:49 of 2nd period - Mario Ferraro is hit by Andrew Mangiapane and loses puck.
7:12 of 2nd period - Mike Hoffman is hit by Jonathan Huberdeau.
7:13 of 2nd period - Icing by Mike Hoffman.
7:14 of 2nd period - Elias Lindholm wins face-off versus Filip Zadina in San Jose Sharks zone.
7:31 of 2nd period - Wrist shot by Mike Hoffman.
7:31 of 2nd period - Deflect By Mikael Backlund.
7:31 of 2nd period - Stopped by Jacob Markstrom with a rebound.
7:33 of 2nd period - Slapshot by Mike Hoffman.
7:33 of 2nd period - Shot Misses the Net.
7:45 of 2nd period - Rasmus Dahlin is hit by Walker Duehr and loses puck.
7:59 of 2nd period - Minor Penalty to Dennis Gilbert for Tripping.
8:00 of 2nd period - Elias Lindholm wins face-off versus Mikael Granlund in Calgary Flames zone.
8:00 of 2nd period - Elias Lindholm is hit by Rasmus Dahlin.
8:11 of 2nd period - Snap shot by Danil Gushchin.
8:11 of 2nd period - Shot Blocked by Nikita Zadorov.
8:13 of 2nd period - Wrist shot by Danil Gushchin.
8:13 of 2nd period - Goal by Danil Gushchin - Calgary Flames : 3 - San Jose Sharks : 2.
8:14 of 2nd period - Mikael Granlund wins face-off versus Elias Lindholm in neutral zone.
8:21 of 2nd period - Slapshot by Elias Lindholm.
8:21 of 2nd period - Shot Hit the Post.
8:23 of 2nd period - Slapshot by Cody Ceci.
8:23 of 2nd period - Stopped by Kaapo Kahkonen with a rebound.
8:25 of 2nd period - Backhand shot by Kirill Marchenko.
8:25 of 2nd period - Stopped by Kaapo Kahkonen without a rebound.
8:26 of 2nd period - Elias Lindholm wins face-off versus Mikael Granlund in San Jose Sharks zone.
8:27 of 2nd period - Wrist shot by Jonathan Huberdeau.
8:27 of 2nd period - Stopped by Kaapo Kahkonen with a rebound.
8:35 of 2nd period - Vladislav Gavrikov is hit by Mikael Granlund and loses puck.
9:09 of 2nd period - Minor Penalty to Vladislav Gavrikov for Delaying the game.
9:10 of 2nd period - Pierre-Luc Dubois wins face-off versus Logan Couture in Calgary Flames zone.
9:24 of 2nd period - Wrist shot by Kevin Labanc.
9:24 of 2nd period - Shot Blocked by Nikita Zadorov.
9:26 of 2nd period - Snap shot by Logan Couture.
9:26 of 2nd period - Shot Misses the Net.
9:55 of 2nd period - Off-side.
9:56 of 2nd period - Logan Couture wins face-off versus Elias Lindholm in neutral zone.
10:27 of 2nd period - Snap shot by Danil Gushchin.
10:27 of 2nd period - Deflect By Jonathan Huberdeau.
10:27 of 2nd period - Shot Misses the Net.
10:27 of 2nd period - Puck is out of play.
10:28 of 2nd period - Elias Lindholm wins face-off versus Mikael Granlund in Calgary Flames zone.
10:37 of 2nd period - Wrist shot by Danil Gushchin.
10:37 of 2nd period - Shot Misses the Net.
10:39 of 2nd period - Slapshot by Rasmus Dahlin.
10:39 of 2nd period - Shot Blocked by Damon Severson.
10:41 of 2nd period - Snap shot by Mikael Granlund.
10:41 of 2nd period - Shot Blocked by Nikita Zadorov.
10:53 of 2nd period - Jonathan Huberdeau is hit by Danil Gushchin and loses puck.
11:09 of 2nd period - Penalty to Vladislav Gavrikov is over, Vladislav Gavrikov is back on ice.
11:18 of 2nd period - Slapshot by Mike Hoffman.
11:18 of 2nd period - Shot Blocked by Nazem Kadri.
13:35 of 2nd period - Snap shot by Mike Hoffman.
13:35 of 2nd period - Shot Blocked by Chris Tanev.
13:37 of 2nd period - Slapshot by Mike Hoffman.
13:37 of 2nd period - Shot Blocked by Mikael Backlund.
14:05 of 2nd period - Pierre-Luc Dubois is hit by Mike Hoffman and loses puck.
14:19 of 2nd period - Minor Penalty to Jonathan Huberdeau for Hooking.
14:20 of 2nd period - Logan Couture wins face-off versus Elias Lindholm in Calgary Flames zone.
14:20 of 2nd period - Slapshot by Rasmus Dahlin.
14:20 of 2nd period - Stopped by Jacob Markstrom with a rebound.
14:26 of 2nd period - Snap shot by Logan Couture.
14:26 of 2nd period - Stopped by Jacob Markstrom with a rebound.
14:28 of 2nd period - Slapshot by Rasmus Dahlin.
14:28 of 2nd period - Shot Blocked by Nikita Zadorov.
14:30 of 2nd period - Snap shot by Marc-Edouard Vlasic.
14:30 of 2nd period - San Jose Sharks goal is going for a video replay.
14:30 of 2nd period - The goal is good.
14:30 of 2nd period - Goal by Marc-Edouard Vlasic - Calgary Flames : 3 - San Jose Sharks : 3.
14:31 of 2nd period - Jonathan Huberdeau wins face-off versus Logan Couture in neutral zone.
14:43 of 2nd period - Nikita Zadorov is hit by Logan Couture and loses puck.
14:52 of 2nd period - Kevin Labanc is hit by Damon Severson and loses puck.
15:11 of 2nd period - Snap shot by Mikael Granlund.
15:11 of 2nd period - Shot Misses the Net.
15:13 of 2nd period - Slapshot by Ethan Bear.
15:13 of 2nd period - Shot Misses the Net.
15:15 of 2nd period - Slapshot by Mikael Granlund.
15:15 of 2nd period - Shot Misses the Net.
15:27 of 2nd period - Wrist shot by Mikael Backlund.
15:27 of 2nd period - Shot Misses the Net.
15:29 of 2nd period - Wrist shot by Dillon Dube.
15:29 of 2nd period - Stopped by Kaapo Kahkonen without a rebound.
15:30 of 2nd period - Mikael Backlund wins face-off versus Logan Couture in San Jose Sharks zone.
15:31 of 2nd period - Wrist shot by Nazem Kadri.
15:31 of 2nd period - Stopped by Kaapo Kahkonen without a rebound.
15:32 of 2nd period - Elias Lindholm wins face-off versus Logan Couture in San Jose Sharks zone.
15:35 of 2nd period - Backhand shot by Jonathan Huberdeau.
15:35 of 2nd period - Shot Misses the Net.
15:49 of 2nd period - Slapshot by Rasmus Dahlin.
15:49 of 2nd period - Shot Blocked by Elias Lindholm.
16:05 of 2nd period - Wrist shot by Pierre-Luc Dubois.
16:05 of 2nd period - Shot Misses the Net.
16:07 of 2nd period - Slapshot by Vladislav Gavrikov.
16:07 of 2nd period - Shot Misses the Net.
16:09 of 2nd period - Snap shot by Walker Duehr.
16:09 of 2nd period - Deflect By Pierre-Luc Dubois.
16:09 of 2nd period - Stopped by Kaapo Kahkonen without a rebound.
16:10 of 2nd period - Logan Couture wins face-off versus Pierre-Luc Dubois in San Jose Sharks zone.
16:10 of 2nd period - Logan Couture is hit by Nikita Zadorov.
16:36 of 2nd period - Jesse Ylonen is hit by Elias Lindholm and loses puck.
17:02 of 2nd period - Slapshot by Mike Hoffman.
17:02 of 2nd period - Stopped by Jacob Markstrom without a rebound.
17:03 of 2nd period - Mike Hoffman wins face-off versus Dillon Dube in Calgary Flames zone.
17:06 of 2nd period - Snap shot by Luke Kunin.
17:06 of 2nd period - Shot Misses the Net.
17:12 of 2nd period - Slapshot by Mike Hoffman.
17:12 of 2nd period - Shot Blocked by Nikita Zadorov.
17:14 of 2nd period - Backhand shot by Nikolai Knyzhov.
17:14 of 2nd period - Shot Blocked by Nazem Kadri.
17:16 of 2nd period - Slapshot by Nikolai Knyzhov.
17:16 of 2nd period - Shot Blocked by Nikita Zadorov.
17:18 of 2nd period - Snap shot by Luke Kunin.
17:18 of 2nd period - Shot Misses the Net.
17:20 of 2nd period - Slapshot by Jan Rutta.
17:20 of 2nd period - Stopped by Jacob Markstrom without a rebound.
17:21 of 2nd period - Elias Lindholm wins face-off versus Logan Couture in Calgary Flames zone.
18:05 of 2nd period - Rasmus Dahlin is hit by Andrew Mangiapane.
18:25 of 2nd period - Slapshot by Dillon Dube.
18:25 of 2nd period - Deflect By Nazem Kadri.
18:25 of 2nd period - Deflect By Rasmus Dahlin.
18:25 of 2nd period - Shot Blocked by Marc-Edouard Vlasic.
18:25 of 2nd period - Puck is out of play.
18:26 of 2nd period - Logan Couture wins face-off versus Jonathan Huberdeau in San Jose Sharks zone.
19:48 of 2nd period - Pierre-Luc Dubois is hit by Kevin Labanc and loses puck.
Goals for this period are 1 for Calgary Flames vs 2 for San Jose Sharks.
Shots for this period are 8 for Calgary Flames vs 8 for San Jose Sharks.

3rd period


0:01 of 3rd period - Elias Lindholm wins face-off versus Logan Couture in neutral zone.
0:06 of 3rd period - Snap shot by Elias Lindholm.
0:06 of 3rd period - Stopped by Kaapo Kahkonen without a rebound.
0:07 of 3rd period - Logan Couture wins face-off versus Elias Lindholm in San Jose Sharks zone.
0:07 of 3rd period - Logan Couture is hit by Kirill Marchenko.
0:33 of 3rd period - Slapshot by Andrew Mangiapane.
0:33 of 3rd period - Shot Hit the Post.
0:35 of 3rd period - Slapshot by Nikita Zadorov.
0:35 of 3rd period - Shot Blocked by Nikolai Knyzhov.
0:37 of 3rd period - Wrist shot by Walker Duehr.
0:37 of 3rd period - Shot Misses the Net.
0:39 of 3rd period - Slapshot by Walker Duehr.
0:39 of 3rd period - Stopped by Kaapo Kahkonen without a rebound.
0:40 of 3rd period - Pierre-Luc Dubois wins face-off versus Mikael Granlund in San Jose Sharks zone.
1:04 of 3rd period - Icing by Jesse Ylonen.
1:05 of 3rd period - Logan Couture wins face-off versus Elias Lindholm in San Jose Sharks zone.
1:09 of 3rd period - Off-side.
1:10 of 3rd period - Elias Lindholm wins face-off versus Logan Couture in neutral zone.
1:17 of 3rd period - Snap shot by Kirill Marchenko.
1:17 of 3rd period - Stopped by Kaapo Kahkonen without a rebound.
1:18 of 3rd period - Logan Couture wins face-off versus Kirill Marchenko in San Jose Sharks zone.
1:31 of 3rd period - Wrist shot by Elias Lindholm.
1:31 of 3rd period - Stopped by Kaapo Kahkonen with a rebound.
2:05 of 3rd period - Slapshot by Elias Lindholm.
2:05 of 3rd period - Stopped by Kaapo Kahkonen with a rebound.
2:07 of 3rd period - Slapshot by Damon Severson.
2:07 of 3rd period - Shot Blocked by Mario Ferraro.
2:09 of 3rd period - Slapshot by Elias Lindholm.
2:09 of 3rd period - Stopped by Kaapo Kahkonen without a rebound.
2:10 of 3rd period - Pierre-Luc Dubois wins face-off versus Mikael Granlund in San Jose Sharks zone.
2:39 of 3rd period - Snap shot by Danil Gushchin.
2:39 of 3rd period - Stopped by Jacob Markstrom without a rebound.
2:40 of 3rd period - Mikael Backlund wins face-off versus Logan Couture in Calgary Flames zone.
2:53 of 3rd period - Slapshot by Danil Gushchin.
2:53 of 3rd period - Stopped by Jacob Markstrom with a rebound.
2:55 of 3rd period - Snap shot by Danil Gushchin.
2:55 of 3rd period - Stopped by Jacob Markstrom with a rebound.
3:08 of 3rd period - Snap shot by Logan Couture.
3:08 of 3rd period - Shot Misses the Net.
3:10 of 3rd period - Wrist shot by Rasmus Dahlin.
3:10 of 3rd period - Shot Misses the Net.
3:12 of 3rd period - Snap shot by Danil Gushchin.
3:12 of 3rd period - Shot Blocked by Dillon Dube.
3:14 of 3rd period - Backhand shot by Logan Couture.
3:14 of 3rd period - Stopped by Jacob Markstrom without a rebound.
3:15 of 3rd period - Elias Lindholm wins face-off versus Mikael Granlund in Calgary Flames zone.
3:15 of 3rd period - Kirill Marchenko is hit by Mikael Granlund and loses puck.
3:41 of 3rd period - Cody Ceci is hit by Nikolai Knyzhov and loses puck.
3:46 of 3rd period - Snap shot by Luke Kunin.
3:46 of 3rd period - Shot Misses the Net.
3:48 of 3rd period - Wrist shot by Luke Kunin.
3:48 of 3rd period - Stopped by Jacob Markstrom with a rebound.
3:50 of 3rd period - Slapshot by Luke Kunin.
3:50 of 3rd period - Stopped by Jacob Markstrom without a rebound.
3:51 of 3rd period - Elias Lindholm wins face-off versus Danil Gushchin in Calgary Flames zone.
3:56 of 3rd period - Mario Ferraro is hit by Elias Lindholm and loses puck.
4:02 of 3rd period - Icing by Kevin Labanc.
4:03 of 3rd period - Kirill Marchenko wins face-off versus Logan Couture in San Jose Sharks zone.
4:58 of 3rd period - Snap shot by Danil Gushchin.
4:58 of 3rd period - Shot Misses the Net.
5:00 of 3rd period - Wrist shot by Logan Couture.
5:00 of 3rd period - Shot Blocked by Cody Ceci.
5:14 of 3rd period - Snap shot by Danil Gushchin.
5:14 of 3rd period - Stopped by Jacob Markstrom with a rebound.
5:16 of 3rd period - Wrist shot by Kevin Labanc.
5:16 of 3rd period - Goal by Kevin Labanc - Calgary Flames : 3 - San Jose Sharks : 4.
5:17 of 3rd period - Elias Lindholm wins face-off versus Mikael Granlund in neutral zone.
5:54 of 3rd period - Wrist shot by Mike Hoffman.
5:54 of 3rd period - Shot Blocked by Damon Severson.
5:58 of 3rd period - Wrist shot by Mike Hoffman.
5:58 of 3rd period - Stopped by Jacob Markstrom with a rebound.
6:00 of 3rd period - Slapshot by Jan Rutta.
6:00 of 3rd period - Shot Blocked by Nikita Zadorov.
6:10 of 3rd period - Dillon Dube is hit by Nico Sturm and loses puck.
7:36 of 3rd period - Icing by Marc-Edouard Vlasic.
7:37 of 3rd period - Mike Hoffman wins face-off versus Pierre-Luc Dubois in San Jose Sharks zone.
7:42 of 3rd period - Pierre-Luc Dubois is hit by Mike Hoffman and loses puck.
7:47 of 3rd period - Wrist shot by Mike Hoffman.
7:47 of 3rd period - Stopped by Jacob Markstrom without a rebound.
7:48 of 3rd period - Elias Lindholm wins face-off versus Mikael Granlund in Calgary Flames zone.
7:55 of 3rd period - Backhand shot by Jonathan Huberdeau.
7:55 of 3rd period - Goal by Jonathan Huberdeau - Calgary Flames : 4 - San Jose Sharks : 4.
7:56 of 3rd period - Mikael Granlund wins face-off versus Elias Lindholm in neutral zone.
8:33 of 3rd period - Slapshot by Rasmus Dahlin.
8:33 of 3rd period - Stopped by Jacob Markstrom without a rebound.
8:34 of 3rd period - Pierre-Luc Dubois wins face-off versus Logan Couture in Calgary Flames zone.
8:34 of 3rd period - Pierre-Luc Dubois is hit by Kevin Labanc.
8:48 of 3rd period - Logan Couture is hit by Andrew Mangiapane.
9:00 of 3rd period - Mikael Backlund is hit by Mikael Granlund.
9:07 of 3rd period - Off-side.
9:08 of 3rd period - Elias Lindholm wins face-off versus Fabian Zetterlund in neutral zone.
10:20 of 3rd period - Backhand shot by Elias Lindholm.
10:20 of 3rd period - Shot Blocked by Kevin Labanc.
10:32 of 3rd period - Slapshot by Pierre-Luc Dubois.
10:32 of 3rd period - Goal by Pierre-Luc Dubois - Calgary Flames : 5 - San Jose Sharks : 4.
10:33 of 3rd period - Mikael Granlund wins face-off versus Nazem Kadri in neutral zone.
10:37 of 3rd period - Off-side.
10:38 of 3rd period - Nazem Kadri wins face-off versus Mikael Granlund in neutral zone.
10:43 of 3rd period - Wrist shot by Nazem Kadri.
10:43 of 3rd period - Deflect By Elias Lindholm.
10:43 of 3rd period - Stopped by Kaapo Kahkonen with a rebound.
10:45 of 3rd period - Slapshot by Pierre-Luc Dubois.
10:45 of 3rd period - Shot Misses the Net.
10:47 of 3rd period - Snap shot by Chris Tanev.
10:47 of 3rd period - Stopped by Kaapo Kahkonen with a rebound.
10:49 of 3rd period - Wrist shot by Nazem Kadri.
10:49 of 3rd period - Shot Blocked by Mikael Granlund.
10:51 of 3rd period - Wrist shot by Nazem Kadri.
10:51 of 3rd period - Stopped by Kaapo Kahkonen with a rebound.
10:53 of 3rd period - Snap shot by Elias Lindholm.
10:53 of 3rd period - Shot Misses the Net.
10:55 of 3rd period - Wrist shot by Elias Lindholm.
10:55 of 3rd period - Shot Blocked by Marc-Edouard Vlasic.
11:23 of 3rd period - Slapshot by Danil Gushchin.
11:23 of 3rd period - Shot Blocked by Damon Severson.
11:25 of 3rd period - Backhand shot by Mike Hoffman.
11:25 of 3rd period - Shot Hit the Post.
11:27 of 3rd period - Snap shot by Filip Zadina.
11:27 of 3rd period - Shot Blocked by Damon Severson.
11:29 of 3rd period - Slapshot by Rasmus Dahlin.
11:29 of 3rd period - Shot Blocked by Nikita Zadorov.
11:31 of 3rd period - Slapshot by Marc-Edouard Vlasic.
11:31 of 3rd period - Stopped by Jacob Markstrom with a rebound.
11:33 of 3rd period - Snap shot by Luke Kunin.
11:33 of 3rd period - Shot Misses the Net.
11:35 of 3rd period - Snap shot by Mike Hoffman.
11:35 of 3rd period - Goal by Mike Hoffman - Calgary Flames : 5 - San Jose Sharks : 5.
11:36 of 3rd period - Logan Couture wins face-off versus Elias Lindholm in neutral zone.
11:45 of 3rd period - Wrist shot by Jonathan Huberdeau.
11:45 of 3rd period - Shot Blocked by Nikolai Knyzhov.
11:47 of 3rd period - Slapshot by Damon Severson.
11:47 of 3rd period - Stopped by Kaapo Kahkonen with a rebound.
11:49 of 3rd period - Wrist shot by Elias Lindholm.
11:49 of 3rd period - Shot Misses the Net.
11:51 of 3rd period - Wrist shot by Kirill Marchenko.
11:51 of 3rd period - Shot Blocked by Jan Rutta.
11:53 of 3rd period - Snap shot by Elias Lindholm.
11:53 of 3rd period - Stopped by Kaapo Kahkonen with a rebound.
12:03 of 3rd period - Pierre-Luc Dubois is hit by Mikael Granlund and loses puck.
12:30 of 3rd period - Snap shot by Mikael Backlund.
12:30 of 3rd period - Shot Misses the Net.
12:32 of 3rd period - Wrist shot by Nazem Kadri.
12:32 of 3rd period - Stopped by Kaapo Kahkonen with a rebound.
12:34 of 3rd period - Snap shot by Mikael Backlund.
12:34 of 3rd period - Shot Blocked by Jan Rutta.
12:50 of 3rd period - Wrist shot by Elias Lindholm.
12:50 of 3rd period - Stopped by Kaapo Kahkonen without a rebound.
12:51 of 3rd period - Mikael Granlund wins face-off versus Pierre-Luc Dubois in San Jose Sharks zone.
12:51 of 3rd period - Mikael Granlund is hit by Andrew Mangiapane.
13:14 of 3rd period - Minor Penalty to Rasmus Dahlin for Holding.
13:15 of 3rd period - Logan Couture wins face-off versus Elias Lindholm in San Jose Sharks zone.
13:42 of 3rd period - Danil Gushchin is hit by Walker Duehr and loses puck.
14:09 of 3rd period - Snap shot by Fabian Zetterlund.
14:09 of 3rd period - Shot Misses the Net.
15:14 of 3rd period - Penalty to Rasmus Dahlin is over, Rasmus Dahlin is back on ice.
15:27 of 3rd period - Slapshot by Mikael Backlund.
15:27 of 3rd period - Stopped by Kaapo Kahkonen with a rebound.
15:48 of 3rd period - Minor Penalty to Pierre-Luc Dubois for Tripping.
15:49 of 3rd period - Logan Couture wins face-off versus Elias Lindholm in Calgary Flames zone.
15:49 of 3rd period - Slapshot by Rasmus Dahlin.
15:49 of 3rd period - Stopped by Jacob Markstrom without a rebound.
15:50 of 3rd period - Elias Lindholm wins face-off versus Logan Couture in Calgary Flames zone.
17:48 of 3rd period - Penalty to Pierre-Luc Dubois is over, Pierre-Luc Dubois is back on ice.
17:55 of 3rd period - Andrew Mangiapane is hit by Mike Hoffman and loses puck.
18:04 of 3rd period - Backhand shot by Nico Sturm.
18:04 of 3rd period - Stopped by Jacob Markstrom without a rebound.
18:05 of 3rd period - Pierre-Luc Dubois wins face-off versus Nico Sturm in Calgary Flames zone.
18:16 of 3rd period - Slapshot by Andrew Mangiapane.
18:16 of 3rd period - Shot Misses the Net.
18:45 of 3rd period - Snap shot by Danil Gushchin.
18:45 of 3rd period - Shot Misses the Net.
18:47 of 3rd period - Snap shot by Danil Gushchin.
18:47 of 3rd period - Goal by Danil Gushchin - Calgary Flames : 5 - San Jose Sharks : 6.
18:48 of 3rd period - Elias Lindholm wins face-off versus Logan Couture in neutral zone.
19:01 of 3rd period - Jonathan Huberdeau is hit by Logan Couture and loses puck.
19:30 of 3rd period - Calgary Flames, Jacob Markstrom is pulled from the net.
19:55 of 3rd period - Icing by Fabian Zetterlund.
19:56 of 3rd period - Elias Lindholm wins face-off versus Kevin Labanc in San Jose Sharks zone.
Goals for this period are 2 for Calgary Flames vs 3 for San Jose Sharks.
Shots for this period are 16 for Calgary Flames vs 16 for San Jose Sharks.